 Dungeon Crawl Stone Soup version 0.28-a0-1087-gf3fc490d9d (webtiles) character file.

Game seed: 1512775611361783402

42 bearlyready the Vexing (level 3, 0/28 HPs)
             Began as a Gnoll Arcane Marksman on Dec 10, 2021.
             Slain by a scorpion (9 damage)
             ... on level 2 of the Dungeon.
             The game lasted 00:02:56 (2398 turns).

bearlyready the Vexing (Gnoll Arcane Marksman)      Turns: 2398, Time: 00:02:56

Health: 0/28       AC:  2    Str:  9    XL:     3   Next: 54%
Magic:  7/7        EV:  9    Int: 12    God:
Gold:   79         SH: 13    Dex: 14    Spells: 6/7 levels left

rFire   . . .      SeeInvis .   f - +0 short sword
rCold   . . .      Faith    .   g - +2 tower shield
rNeg    . . .      Spirit   .   d - +0 robe
rPois   .          Reflect  .   (no helmet)
rElec   .          Harm     .   (no cloak)
rCorr   .          Rampage  .   (no gloves)
Will    .....                   (no boots)
Stlth   ++........              (no amulet)
HPRegen 0.09/turn               (no ring)
MPRegen 0.10/turn               (no ring)

@: lethally poisoned (0 -> -1), attractive, flying
A: fangs 1, strong nose, distributed training
a: no special abilities


You were on level 2 of the Dungeon.
You visited 1 branch of the dungeon, and saw 3 of its levels.

You collected 79 gold pieces.

Inventory:

Hand Weapons
 a - a +0 hunting sling
 f - a +0 short sword (weapon)
Missiles
 c - 19 sling bullets
 m - 29 stones (quivered)
Armour
 d - a +0 robe (worn)
 g - a +2 tower shield (worn)
Jewellery
 j - an amulet of magic regeneration
Scrolls
 b - a scroll of vulnerability {unknown}
 e - 3 scrolls of noise {unknown}
 i - 2 scrolls of silence {unknown}
 k - a scroll of acquirement {unknown}
 l - a scroll of enchant armour {unknown}
 n - a scroll of blinking {unknown}
 p - 2 scrolls of identify {unknown}
 q - a scroll of enchant weapon {unknown}


   Skills:
 + Level 2.6 Fighting
 + Level 0.8 Short Blades
 + Level 0.8 Long Blades
 + Level 0.8 Axes
 + Level 0.8 Maces & Flails
 + Level 0.8 Polearms
 + Level 0.8 Staves
 + Level 4.5 Slings
 + Level 0.8 Bows
 + Level 0.8 Crossbows
 + Level 0.8 Throwing
 + Level 0.8 Armour
 + Level 4.5 Dodging
 + Level 0.8 Stealth
 + Level 0.8 Shields
 + Level 0.8 Unarmed Combat
 + Level 2.8 Spellcasting
 + Level 0.5 Conjurations
 + Level 5.4 Hexes
 + Level 0.5 Summonings
 + Level 0.5 Necromancy
 + Level 0.5 Translocations
 + Level 0.5 Transmutations
 + Level 0.5 Fire Magic
 + Level 0.5 Ice Magic
 + Level 0.5 Air Magic
 + Level 0.5 Earth Magic
 + Level 0.5 Poison Magic
 + Level 1.0 Invocations
 + Level 0.8 Evocations


You had 6 spell levels left.
You knew the following spells:

 Your Spells              Type           Power      Damage    Failure   Level
a - Slow                  Hex            56%        N/A       52%         1

Your spell library contained the following spells:

 Spells                   Type           Power      Damage    Failure   Level
 Inner Flame              Hex/Fire       8%         N/A       99%         3
 Portal Projectile        Hex/Tloc       16%        N/A       99%         3
 Cause Fear               Hex            7%         N/A       99%         4


Dungeon Overview and Level Annotations

Branches:
Dungeon (3/15)

Altars:


Innate Abilities, Weirdness & Mutations

You have very sharp teeth.
Your uncanny sense of smell can sniff out nearby items.
Your experience applies equally to all skills.


Message History

You see here a +0 short sword.
Found a stone staircase leading up.
You see here a +0 trident.
There is a stone staircase leading up here.
Done exploring.
Done exploring.
There is a stone staircase leading down here.
You climb downwards.
There is a stone staircase leading up here.
There are monsters nearby!
The helpless bat fails to defend itself.
You hit the bat.
The bat is severely wounded.
You block the bat's attack. The bat barely misses you.
You hit the bat but do no damage.
The bat is severely wounded.
You block the bat's attack. x3
The scorpion stings you.
You are poisoned.
The scorpion poisons you!
There is a stone staircase leading up here.
You feel very sick. The bat hits you but does no damage.
You block the scorpion's attack.
You climb upwards.
You feel very sick.
There is a stone staircase leading down here.
It was a potion of flight.
You feel very buoyant.
You fly up into the air.
You feel sick. The bat barely misses you. You block the bat's attack.
The scorpion stings you.
It was a potion of attraction.
You feel attractive to monsters.
You feel sick. The bat closely misses you. You block the scorpion's attack.
The bat is attracted toward you.
You aren't carrying any items that you can evoke.
Unknown command.
You hit the scorpion but do no damage. Your bite misses the scorpion.
You feel sick. The bat misses you. You block the scorpion's attack. x2
You feel sick. You block the bat's attack. The scorpion stings you!
You die...

..........# #.# #.# .###.####.#
#.# #.# .###.####.######### #.#
#.# ..................# #.# #.#
####.####.#######.# #.# #.# #.#
#.# #.# #.# #.# #.####.# #.#####.#
#.### ##.##...# ####.......# #....
###.#.....# #..@s####..# #####
...##.###.# #.##b# #..#######..
###.#.# #.####.##.####..........#
####..###.........ยง.....#######.#
..........####.##.####### #.#
####.#.#### #.##.# #.# )....#.#
#.##.# #.# ######.### #.##.## #.#
######...#####.....# #.#


You could see a scorpion and a bat.

Vanquished Creatures
  A dart slug (D:1)
  8 endoplasms
  3 goblins
  2 hobgoblins (D:1)
  A quokka (D:1)
  A ball python (D:1)
  2 bats (D:1)
  5 frilled lizards
  4 kobolds (D:2)
  15 rats
42 creatures vanquished.

Notes
Turn   | Place    | Note
-------+----------+-------------------------------------------
     0 | D:1      | bearlyready the Gnoll Arcane Marksman began the quest for
                  | the Orb.
     0 | D:1      | Reached XP level 1. HP: 17/17 MP: 4/4
   175 | D:1      | Reached XP level 2. HP: 23/23 MP: 5/5
   804 | D:1      | Reached XP level 3. HP: 22/28 MP: 7/7
  1473 | D:2      | Found a faded altar of an unknown god.
  1473 | D:2      | Noticed an eye of devastation
  1829 | D:2      | Noticed a golden eye
  1833 | D:2      | Noticed a shining eye
  1833 | D:2      | Noticed an eye of devastation
  1866 | D:2      | Reached skill level 1 in Invocations
  2388 | D:3      | Noticed a scorpion
  2398 | D:2      | Slain by a scorpion

Illustrated notes

Levels and vault maps discovered:
D:1:      dpeg_arrival_houses_and_road, layout_loops_ring,
          minmay_rat_gold_closets
D:2:      layout_loops_ring, hellmonk_ecumenical_altar_watching_god,
          chequers_serial_rivers_small_a
D:3:      layout_rooms, kennysheep_small_spiral

Skill      XL: |  1  2  3 |
---------------+----------+-----
Invocations    | 1 |  1.0
Fighting       | |  2.6
Short Blades   | |  0.8
Long Blades    | |  0.8
Axes           | |  0.8
Maces & Flails | |  0.8
Polearms       | |  0.8
Staves         | |  0.8
Slings         | |  4.5
Bows           | |  0.8
Crossbows      | |  0.8
Throwing       | |  0.8
Armour         | |  0.8
Dodging        | |  4.5
Stealth        | |  0.8
Shields        | |  0.8
Unarmed Combat | |  0.8
Spellcasting   | |  2.8
Conjurations   | |  0.5
Hexes          | |  5.4
Summonings     | |  0.5
Necromancy     | |  0.5
Translocations | |  0.5
Transmutations | |  0.5
Fire Magic     | |  0.5
Ice Magic      | |  0.5
Air Magic      | |  0.5
Earth Magic    | |  0.5
Poison Magic   | |  0.5
Evocations     | |  0.8

Action                   || total
-------------------------++-------
Melee: Short sword       ||   110
       Bite              ||     8
 Fire: Hunting sling     ||    17
  Use: Potion            ||     2
 Stab: Sleeping          ||     6
Armor: Robe              ||    17
Dodge: Dodged            ||    37
Block: Tower shield      ||    65

Table legend: (Time is in decaauts)
 A = Elapsed time spent in this place.
 B = Non-inter-level travel time spent in this place.
 C = Inter-level travel time spent in this place.
 D = Time resting spent in this place.
 E = Time spent auto-exploring this place.
 F = Levels seen in this place.
 G = Mean time per level.
                   A        B        C        D        E       F      G
               +--------+--------+--------+--------+--------+-----+--------+
         Total |   2465 |   2400 |     65 |      0 |   2004 |   3 |  821.7 |
       Dungeon |   2465 |   2400 |     65 |      0 |   2004 |   3 |  821.7 |
               +--------+--------+--------+--------+--------+-----+--------+

Top non-repeatable levels by time:
     D:1: 1311 daAuts
     D:2: 1146 daAuts
     D:3: 6 daAuts
